Map: Acropolis LE

Players

Mez

  • Race: Protoss Protoss
  • League: Master
  • Spawn Location: 11:00

RoadtoAEW - Winner!

  • Race: Protoss Protoss
  • League: Master
  • Spawn Location: 5:00

VOD

Have the link to the VOD?

Description

Time

  • Played on: July 29, 2019, 4:32 a.m.
  • Length: 10:32
Show
View Real Time Build Order
Export as new Build Order

Mez Protoss 

Build Orders:  

Get SALT Encoding   

  12  0:01  Probe  
  13  0:13  Probe  
  14  0:19  Pylon  
  14  0:26  Probe  
  15  0:35  Probe  
  15  0:41  Gateway  
  16  0:44  Probe  
  16  0:49  Assimilator  
  17  0:53  Probe  
  18  1:03  Gateway  
  18  1:05  Probe  
  19  1:15  Assimilator  
  20  1:18  Probe  
  20  1:29  Cybernetics Core  
  20  1:31  Probe  
  22  1:50  Pylon  
  21  1:57  Probe  
  22  2:05  Warp Gate  
  22  2:08  Stalker x2  
  22  2:11  Pylon  
  26  2:20  Robotics Facility  
  26  2:28  Stalker x2  
  30  2:51  Probe  
  31  3:09  Nexus  
  31  3:12  Pylon  
  31  3:19  Observer  
  32  3:28  Stalker x2  
  32  3:34  Immortal  
  39  3:57  Probe  
  40  4:08  Stalker  
  40  4:09  Stalker  
  39  4:21  Probe x2  
  37  4:51  Probe x2  
  39  5:03  Probe  
  40  5:14  Probe  
  40  5:15  Probe  
  36  5:27  Immortal  
  32  5:31  Probe x2  
  32  5:41  Stalker  
  30  5:43  Stalker, Probe  
  33  5:52  Shield Battery  
  33  5:55  Shield Battery  
  33  5:59  Probe  
  33  6:01  Probe  
  35  6:13  Stalker  
  35  6:15  Stalker, Probe x2  
  41  6:35  Immortal  
  45  6:44  Probe x2  
  47  6:56  Probe x2  
  47  7:00  Stalker x2  
  53  7:05  Probe x2  
  53  7:08  Pylon  
  53  7:13  Probe  
  53  7:15  Assimilator  
  55  7:17  Assimilator  
  56  7:25  Immortal  
  56  7:27  Probe  
  56  7:28  Probe  
  62  7:39  Probe  
  62  7:42  Probe, Pylon  
  64  7:51  Probe  
  64  7:54  Probe  
  64  7:58  Stalker  
  64  7:59  Stalker  
  65  8:07  Immortal  
  63  8:19  Probe x2  
  67  8:24  Robotics Facility  
  69  8:27  Probe  
  69  8:32  Stalker x2  
  74  8:38  Probe x2  
  76  8:57  Pylon  
  76  8:59  Pylon  
  76  9:05  Immortal x2  
  76  9:07  Stalker  
  86  9:21  Pylon  
  86  9:30  Pylon  
  86  9:34  Immortal  
  86  9:36  Stalker x2  
  90  9:40  Immortal  
  98  10:03  Pylon  
  61  10:24  Stalker x2  
Show
View Real Time Build Order
Export as new Build Order

RoadtoAEW Protoss - Winner!

Build Orders: Oracle Opening, Archon Immortal 

Get SALT Encoding   

  12  0:00  Probe  
  13  0:13  Pylon  
  13  0:17  Probe  
  14  0:29  Probe  
  14  0:34  Gateway  
  15  0:40  Probe  
  15  0:41  Assimilator  
  15  0:48  Probe  
  16  0:54  Assimilator  
  16  0:56  Probe  
  18  1:04  Probe  
  19  1:11  Gateway  
  19  1:23  Cybernetics Core  
  19  1:28  Probe  
  20  1:36  Pylon  
  20  1:45  Probe  
  21  1:51  Warp Gate  
  21  1:57  Probe  
  21  1:59  Adept  
  21  2:00  Adept  
  26  2:11  Probe  
  27  2:16  Stargate  
  27  2:26  Pylon  
  27  2:34  Stalker  
  29  2:38  Stalker  
  31  2:49  Shield Battery  
  31  2:53  Oracle  
  34  3:09  Probe  
  35  3:24  Nexus  
  35  3:29  Probe  
  32  3:42  Probe, Robotics Facility  
  32  3:48  Sentry  
  35  3:53  Stalker  
  35  3:55  Probe  
  38  4:07  Probe  
  39  4:22  Immortal  
  39  4:27  Pylon  
  39  4:28  Probe, Pylon  
  41  4:39  Pylon  
  41  4:44  Probe x2  
  41  4:45  Stalker  
  45  4:56  Immortal, Probe  
  48  5:08  Stalker  
  48  5:13  Probe  
  45  5:17  Probe  
  44  5:27  Warp Prism  
  38  5:29  Stalker  
  38  5:30  Probe  
  38  5:32  Probe  
  42  5:44  Probe  
  42  5:46  Stalker  
  45  5:53  Probe  
  45  5:56  Sentry, Probe  
  49  6:03  Observer  
  50  6:07  Probe, Gateway  
  50  6:11  Stalker  
  53  6:16  Gateway  
  53  6:18  Probe  
  54  6:28  Probe  
  54  6:31  Probe  
  56  6:39  Probe  
  60  6:40  Immortal, Probe  
  62  6:57  Pylon  
  62  6:58  Pylon  
  62  7:06  Twilight Council  
  62  7:14  Immortal  
  62  7:15  Probe x2, Pylon  
  67  7:29  Adept  
  69  7:30  Adept x3  
  69  7:33  Charge  
  69  7:35  Assimilator  
  69  7:36  Assimilator  
  75  7:49  Warp Prism  
  75  7:51  Probe  
  76  7:54  Probe  
  75  8:05  Probe  
  72  8:16  Gateway  
  72  8:17  Immortal, Templar Archives  
  72  8:21  Gateway  
  72  8:23  Gateway  
  72  8:25  Gateway  
  76  8:33  Zealot  
  78  8:35  Zealot x2  
  82  8:54  Pylon x2  
  82  8:58  Immortal  
  86  9:05  Pylon  
  86  9:10  Pylon  
  86  9:16  High Templar x2  
  86  9:17  High Templar x2  
  92  9:18  Zealot x2  
  92  9:21  Archon x2  
  98  9:29  Pylon  
  98  9:37  Zealot x2  
  101  9:40  Immortal  
  105  9:55  Zealot x2  
  105  9:56  Zealot x2  
  93  10:20  Zealot x3  
  93  10:21  Zealot x3  
Tags
 
Add a new tag
Caveats
  • Supply blocks, unpowered buildings, or Contaminate may cause inaccurate times.
  • Supply counts are checked every 10 seconds.